 Dungeon Crawl Stone Soup version 0.31.0-32-g396128a36d (webtiles) character file.

Game seed: 1590448669407380301

143253 TacoSundae the Brawler (level 17, -4/94 HPs)
             Began as a Vine Stalker Shapeshifter on Apr 10, 2024.
             Was the Champion of Dithmenos.
             Slain by a ghost moth (12 damage)
             ... on level 3 of the Spider Nest.
             The game lasted 01:53:21 (27197 turns).

TacoSundae the Brawler (Vine Stalker Shapeshifter) Turns: 27197, Time: 01:53:22

Health: -4/94      AC:  6    Str: 21    XL:     17   Next: 37%
Magic:  0/25       EV: 24    Int: 10    God:    Dithmenos [******]
Gold:   2292       SH:  0    Dex: 18    Spells: 16/16 levels left

rFire   . .          .
                       - Unarmed
rCold   . . .        (shield currently unavailable)
rNeg    . . .        l - +2 leather armour {rPois}
rPois   +            r - +2 helmet
rElec   .            h - scarf {+Inv}
rCorr   .            (gloves currently unavailable)
SInv    +            (no boots)
Will    ++...        s - amulet of magic regeneration
Stlth   ++           P - ring of see invisible
HPRegen 1.15/turn    H - +5 ring of evasion
MPRegen 0.59/turn

%: guardian spirit
@: blade hands, wreathed by umbra
A: fangs 3, regeneration 1, magic shield, antimagic bite, no potion heal 2
a: Begin Untransformation, Renounce Religion, Evoke Invisibility, Shadow Step,
Shadow Form


You were on level 3 of the Spider Nest.
You worshipped Dithmenos.
Dithmenos was exalted by your worship.
You had blades for hands.
You visited 5 branches of the dungeon, and saw 26 of its levels.
You also visited: Sewer and Ice Cave.

You collected 2702 gold pieces.
You spent 410 gold pieces at shops.

Inventory:

Missiles
 u - 3 throwing nets
Armour
 h - a scarf of invisibility (worn)
 l - a +2 leather armour of poison resistance (worn)
 r - a +2 helmet (worn)
 x - the +3 scale mail of Hospitality {rF+ Will+ rCorr Int-4}
   (You found it on level 3 of the Lair of Beasts)

   Int-4:     It affects your intelligence (-4).
   rF+:       It protects you from fire.
   Will+:     It increases your willpower.
   rCorr:     It protects you from acid and corrosion.
 F - a +0 pair of gloves
 T - a +2 robe of resistance
Jewellery
 p - a ring of resist corrosion
 s - an amulet of magic regeneration (around neck)
 C - a ring of protection from fire
 G - a ring of flight
 H - a +5 ring of evasion (right blade hand)
 P - a ring of see invisible (left blade hand)
Talismans
 c - a beast talisman
 d - a flux talisman
 g - a blade talisman (active)
Wands
 v - a wand of charming (12)
 y - a wand of quicksilver (22)
 D - a wand of flame (21)
 E - a wand of roots (10)
 L - a wand of digging (7)
 U - a wand of mindburst (2)
Scrolls
 f - 3 scrolls of immolation
 j - 5 scrolls of poison
 n - 3 scrolls of blinking
 o - a scroll of revelation
 t - 2 scrolls of silence
 z - 2 scrolls of fear
 A - a scroll of amnesia
 I - 5 scrolls of teleportation
 K - 3 scrolls of brand weapon
 O - 7 scrolls of identify
 Q - a scroll of fog
 S - 2 scrolls of enchant armour
Potions
 a - 2 potions of cancellation
 b - 5 potions of lignification
 e - 11 potions of curing
 i - 7 potions of brilliance
 k - 7 potions of attraction
 m - 2 potions of might
 q - 2 potions of magic
 w - a potion of invisibility
 J - 3 potions of ambrosia
 M - 2 potions of mutation
 N - 5 potions of haste
 R - 3 potions of enlightenment
Miscellaneous
 B - a tin of tremorstones (2/2)


   Skills:
 + Level 12.5 Fighting
 + Level 11.5 Dodging
 + Level 17.4 Unarmed Combat
 + Level 9.3 Invocations
 + Level 14.6 Shapeshifting


You had 16 spell levels left.
You didn't know any spells.
Your spell library contained the following spells:

 Spells                   Type           Power      Damage    Failure   Level
 Foxfire                  Conj/Fire      0%         2x1d4     41%         1
 Sandblast                Erth           0%         2d4       41%         1
 Ensorcelled Hibernation  Hex/Ice        0%         N/A       54%         2
 Scorch                   Fire           0%         2d5       54%         2
 Sublimation of Blood     Necr           0%         N/A       54%         2
 Call Canine Familiar     Summ           0%         N/A       78%         3
 Dazzling Flash           Conj/Hex       0%         N/A       78%         3
 Hailstorm                Conj/Ice       0%         3d5       78%         3
 Ozocubu's Armour         Ice            0%         N/A       78%         3
 Passwall                 Erth           0%         N/A       78%         3
 Sigil of Binding         Hex            0%         N/A       78%         3
 Stone Arrow              Conj/Erth      0%         3d7       78%         3
 Summon Ice Beast         Ice/Summ       0%         N/A       78%         3
 Swiftness                Air            0%         N/A       78%         3
 Volatile Blastmotes      Fire/Tloc      0%         2d10      78%         3
 Brom's Barrelling Bould  Conj/Erth      0%         2d3       99%         4
 Dimensional Bullseye     Hex/Tloc       0%         N/A       99%         4
 Flame Wave               Conj/Fire      0%         2d4       99%         4
 Manifold Assault         Tloc           0%         N/A       99%         4
 Petrify                  Alch/Erth      0%         N/A       99%         4
 Irradiate                Conj/Alch      0%         3d11      100%        5
 Metabolic Englaciation   Hex/Ice        0%         N/A       100%        5
 Dispersal                Tloc           0%         N/A       100%        6
 Plasma Beam              Fire/Air       0%         2x1d10    100%        6
 Sculpt Simulacrum        Ice/Alch       0%         N/A       100%        6
 Starburst                Conj/Fire      0%         6d3       100%        6
 Summon Cactus Giant      Summ           0%         N/A       100%        6
 Haunt                    Necr/Summ      0%         N/A       100%        7
 Borgnjor's Revivificati  Necr           0%         N/A       100%        8
 Disjunction              Tloc           0%         N/A       100%        8
 Maxwell's Capacitive Co  Air            0%         ∞         100%        8
 Death's Door             Necr           0%         N/A       100%        9


Dungeon Overview and Level Annotations

Branches:
Dungeon (14/15)            Temple (1/1) D:5            Lair (5/5) D:9
 Shoals (0/4) Lair:3       Spider (4/4) Lair:2        Slime (0/5) Lair:5
    Orc (2/2) D:12            Elf (0/3) Orc:2         Sewer (visited)
  IceCv (visited)
 Vaults: D:13-14

Altars:
Ashenzari
Cheibriados
Dithmenos
Elyvilon
Fedhas
Gozag
Hepliaklqana
Kikubaaqudgha
Makhleb
Nemelex Xobeh
Okawaru
Qazlal
Ru
Sif Muna
Trog
Uskayaw
Vehumet
Wu Jian
Xom
Yredelemnul
Zin
The Shining One
Jiyva

Shops:
D:1 !   D:4 =   D:5 =   D:7 !**   D:8 [   D:10 [   D:11 ::(   Orc:2 [([(

Annotations:
D:5 1 runed translucent door, Crazy Yiuf
D:13 exclusion: 5 doors
Lair:2 3 runed translucent doors, Digazuudd's ghost, journeyman SpMo


Innate Abilities, Weirdness & Mutations

You have blades for hands.
You are incapable of wielding weapons or throwing items.
You have razor-sharp teeth.
Your natural rate of healing is unusually fast.
When hurt, damage is shared between your health and your magic reserves.
Your bite disrupts and absorbs the magic of your enemies.
Potions cannot restore your health.


Message History

The tarantella disappears in a puff of smoke!
The culicivora disappears in a puff of smoke!
The orb spider disappears in a puff of smoke!
The jumping spider disappears in a puff of smoke!
You feel very sick.
Unknown command.
You feel very sick. The ghost moth stares at you.
You feel your power leaking away. The ghost moth stares at you.
The ghost moth completely misses you.
The ghost moth hits you but does no damage.
The ghost moth stings you!
* * * LOW HITPOINT WARNING * * *
You emit a cloud of dark smoke.
You feel very sick. The ghost moth stares at you.
A ghost moth comes into view.
There is a stone staircase leading up, spattered with blood here.
You feel very sick. The ghost moth stares at you.
You feel your power leaking away. The ghost moth misses you.
The ghost moth closely misses you. x2
You climb upwards.
You feel very sick.
There is a stone staircase leading down here.
Your system rejects the healing.
You feel better. The ghost moth stares at you.
You feel your power leaking away. The ghost moth completely misses you.
The ghost moth hits you.
* * * LOW HITPOINT WARNING * * *
The ghost moth misses you.
Blink to where?
Press: ? - help, Dir - move target
As you read the scroll of blinking, it crumbles to dust.
The ghost moth stares at you.
You feel your power leaking away. The ghost moth misses you.
The ghost moth completely misses you. The ghost moth stings you!
You die...

......#..^...# #...##..#.........
..##.........###....#......^.....
.##......^...##..................
####.....#...###.#^..............
# ##...##...#^###...............
##^#####......>.....#...^...#
###.##^..............#######
##...##^...y........##....##
##.....##...@........#.....#.
#...#......[............††##.
##.^.........(........###....
##......^..............##...
##..................(.#####
###......####.^#.....#
###...###.^#..#..####
#.....#^......####
#....##((....##


You could see a ghost moth (invisible).

Vanquished Creatures
  Saint Roka (Orc:1)
  Nikola (Spider:2)
  Jorgrun (Orc:2)
  Frances (D:14)
  A frost giant (IceCv)
  3 emperor scorpions
  A ghost moth (Spider:2)
  An orc warlord (D:12)
  4 broodmothers
  Azrael (D:13)
  2 spark wasps (Spider:2)
  A fire dragon (Lair:5)
  Harold (Lair:1)
  Josephine (Orc:2)
  3 hydras
  6 entropy weavers
  2 vault guards (D:13)
  A catoblepas (Lair:2)
  5 two-headed ogres
  2 centaur warriors (D:14)
  2 radroaches
  2 boulder beetles
  12 death yaks
  10 demonic crawlers
  A deep elf knight (D:13)
  A skyshark (Lair:4)
  An arcanist (D:13)
  A sun moth (Spider:3)
  6 pharaoh ants
  7 orb spiders
  2 orc knights (Orc:2)
  2 lindwurms
  2 deep elf pyromancers
  6 steelbarb worms
  3 orc sorcerers
  14 wolf spiders
  2 manticores
  An ugly thing (D:12)
  5 moths of wrath
  3 cyclopes
  A guardian serpent (shapeshifter) (D:13)
  An ice statue (IceCv)
  15 elephants
  4 kobold blastminers
  3 meliai (Spider:1)
  3 molten gargoyles (Lair:5)
  3 torpor snails
  A water nymph (Lair:3)
  8 black mambas
  13 cane toads
  2 gargoyles
  2 kobold demonologists
  A cane toad (shapeshifter) (D:14)
  15 rime drakes
  10 komodo dragons
  An efreet (D:14)
  3 trolls
  3 red devils (D:10)
  7 polar bears
  15 tarantellas
  13 blink frogs
  17 dream sheep (Lair:5)
  14 slime creatures
  Sigmund (D:2)
  A spriggan (shapeshifter) (D:13)
  6 wraiths
  A vampire (D:12)
  20 jumping spiders
  41 yaks
  12 culicivoras
  3 steam dragons
  10 basilisks
  5 wyverns
  3 wargs (Orc:2)
  48 redbacks
  3 fire elementals (D:13)
  2 vampire mosquitoes (D:13)
  A death yak simulacrum (Lair:4)
  An acid dragon (D:11)
  10 water moccasins
  8 hell hounds
  37 orc warriors
  3 ice beasts
  2 black bears (Lair:2)
  9 centaurs
  12 ogres
  11 wolves
  A phantom (D:4)
  A brain worm (shapeshifter) (D:13)
  7 gnoll sergeants
  2 scorpions (D:6)
  17 bullfrogs
  13 wights
  8 killer bees
  3 elephant simulacra (Lair:4)
  An electric eel (Lair:1)
  3 howler monkeys
  6 lava snakes
  3 hounds
  2 quasits (D:5)
  7 jellies
  20 orc priests
  4 iguanas
  2 sleepcaps
  34 orc wizards
  4 hell rats (Lair:4)
  2 polar bear simulacra (Lair:4)
  8 adders
  12 gnolls
  5 river rats (Sewer)
  2 shadow imps (D:5)
  4 white imps
  3 ufetubi (D:5)
  3 dart slugs
  2 ribbon worms
  85 orcs
  8 ball pythons
  7 bats
  5 endoplasms
  3 giant cockroaches
  7 goblins
  4 hobgoblins
  7 jackals (D:4)
  3 quokkas
  2 frilled lizards (D:4)
  22 kobolds
  34 rats
  A spectral goblin (D:14)
894 creatures vanquished.

Vanquished Creatures (collateral kills)
  An orc warrior (D:10)
  2 orc wizards (D:10)
  2 orcs (D:10)
5 creatures vanquished.

Grand Total: 899 creatures vanquished

Notes
Turn   | Place    | Note
-------+----------+-------------------------------------------
     0 | D:1      | TacoSundae the Vine Stalker Shapeshifter began the quest
                  | for the Orb.
     0 | D:1      | Reached XP level 1. HP: 9/9 MP: 2/2
   247 | D:1      | Reached XP level 2. HP: 14/14 MP: 3/3
   536 | D:1      | Found Vynkyzic's Distillery.
   943 | D:2      | Reached XP level 3. HP: 17/17 MP: 4/4
   954 | D:2      | Found a faded altar of an unknown god.
  1113 | D:2      | Identified the +1 chain mail "Pucsusykku" {*Corrode Fly
                  | Str+6 Stlth+}
  1120 | D:2      | Noticed Sigmund
  1146 | D:2      | Killed Sigmund
  1147 | D:2      | Reached skill level 4 in Unarmed Combat
  1147 | D:2      | Reached XP level 4. HP: 21/21 MP: 5/5
  1147 | D:2      | Reached XP level 5. HP: 25/25 MP: 6/6
  1269 | D:2      | Reached skill level 5 in Unarmed Combat
  1269 | D:2      | Reached XP level 6. HP: 20/29 MP: 3/7
  1492 | D:1      | Bought a potion of degeneration for 14 gold pieces
  1947 | D:3      | Reached skill level 5 in Shapeshifting
  2236 | D:4      | Found a glowing drain.
  2250 | Sewer    | Entered a sewer
  2865 | D:4      | Found Wyri's Jewellery Emporium.
  2883 | D:4      | Reached XP level 7. HP: 29/32 MP: 5/8
  2971 | D:4      | Found a bloodstained altar of Trog.
  2972 | D:4      | Found a hide-covered altar of Uskayaw.
  3028 | D:4      | Reached skill level 6 in Unarmed Combat
  3195 | D:4      | Found a stormy altar of Qazlal.
  3463 | D:4      | Gained mutation: You have razor-sharp teeth. [Vine Stalker
                  | growth]
  3463 | D:4      | Reached XP level 8. HP: 37/37 MP: 9/9
  3666 | D:5      | Entered Level 5 of the Dungeon
  3728 | D:5      | Reached skill level 7 in Unarmed Combat
  3772 | D:5      | Found a staircase to the Ecumenical Temple.
  3784 | Temple   | Entered the Ecumenical Temple
  3797 | Temple   | Became a worshipper of Dithmenos the Shadowed
  3928 | D:5      | Found Vuwn's Jewellery Shop.
  4183 | D:5      | Reached skill level 1 in Fighting
  4269 | D:5      | Reached skill level 8 in Unarmed Combat
  4457 | D:5      | Found a runed translucent door.
  4458 | D:5      | Noticed Crazy Yiuf
  4624 | D:6      | Reached * piety under Dithmenos
  4627 | D:6      | Found a hazy altar of Hepliaklqana.
  4655 | D:6      | Reached XP level 9. HP: 42/42 MP: 10/10
  5344 | D:6      | Found a shimmering altar of Xom.
  5483 | D:6      | Reached skill level 9 in Unarmed Combat
  6117 | D:7      | Found Isoule's Specific Store.
  6119 | D:7      | Found Nocyn's General Store.
  6127 | D:7      | Bought a potion of might for 60 gold pieces
  6309 | D:7      | Found an opulent altar of Gozag.
  6411 | D:7      | Found a glowing golden altar of the Shining One.
  6411 | D:7      | Found a snail-covered altar of Cheibriados.
  6526 | D:7      | Found Oguzeawoat's Distillery.
  6827 | D:8      | Found a blossoming altar of Fedhas.
  7257 | D:8      | Found Deos's Antique Armour Boutique.
  7267 | D:8      | Reached XP level 10. HP: 29/49 MP: 8/11
  7627 | D:9      | Reached skill level 10 in Unarmed Combat
  8097 | D:9      | Found a staircase to the Lair.
  8177 | D:9      | Reached ** piety under Dithmenos
  8359 | D:10     | Entered Level 10 of the Dungeon
  8484 | D:10     | Found a basalt altar of Yredelemnul.
  8523 | D:10     | You fall into a shaft and drop 3 floors!
  8532 | D:13     | Noticed an arcanist
  8542 | D:13     | Killed an arcanist
  8579 | D:13     | Noticed a guardian serpent
  8591 | D:13     | Reached skill level 5 in Fighting
  8623 | D:13     | Noticed a two-headed ogre
  8759 | D:13     | Noticed a gargoyle
  8776 | D:13     | Killed a gargoyle
  8777 | D:13     | Reached skill level 5 in Dodging
  8875 | D:13     | Noticed a deep elf knight
  9004 | D:13     | Reached XP level 11. HP: 51/56 MP: 10/12
  9172 | D:12     | Noticed a cyclops
  9222 | D:12     | Reached skill level 11 in Unarmed Combat
  9271 | D:12     | Noticed a manticore
  9286 | D:12     | Killed a manticore
  9341 | D:10     | Noticed a two-headed ogre
  9367 | D:10     | Killed a two-headed ogre
  9368 | D:10     | Reached skill level 10 in Shapeshifting
  9492 | D:10     | Found Kuyxzuv's Armour Boutique.
 10259 | D:11     | Reached *** piety under Dithmenos
 10306 | D:11     | Found Imoatec's Book Shoppe.
 10344 | D:11     | Found Ulen Kunn's Book Boutique.
 10564 | Lair:1   | Entered Level 1 of the Lair of Beasts
 10842 | Lair:1   | Reached skill level 12 in Unarmed Combat
 10914 | Lair:1   | Reached XP level 12. HP: 62/62 MP: 13/13
 10960 | Lair:1   | Noticed Harold
 10985 | Lair:1   | Killed Harold
 11511 | Lair:2   | Found a hole to the Spider Nest.
 11679 | Lair:2   | Found a runed translucent gate.
 11680 | Lair:2   | Found a runed translucent gate.
 11681 | Lair:2   | Found a runed translucent gate.
 11687 | Lair:2   | Noticed Digazuudd's ghost (journeyman SpMo)
 11688 | Lair:2   | Noticed a minotaur
 11700 | Lair:2   | Noticed a catoblepas
 11710 | Lair:2   | Killed a catoblepas
 11997 | Lair:2   | Noticed a six-headed hydra
 12028 | Lair:2   | Reached **** piety under Dithmenos
 12029 | Lair:2   | Reached skill level 13 in Unarmed Combat
 12064 | Lair:2   | Killed a six-headed hydra
 12247 | Lair:2   | Identified the +11 sling of Ambiguity {freeze, rPois}
 12765 | Lair:3   | Noticed a death yak
 12765 | Lair:3   | Noticed a death yak
 12765 | Lair:3   | Noticed a death yak
 12765 | Lair:3   | Noticed a death yak
 12766 | Lair:3   | Noticed a death yak
 12830 | Lair:3   | Noticed a death yak
 12831 | Lair:3   | Killed a death yak
 12847 | Lair:3   | Killed a death yak
 12850 | Lair:3   | Killed a death yak
 12854 | Lair:3   | Killed a death yak
 12855 | Lair:3   | Reached XP level 13. HP: 41/68 MP: 9/14
 13102 | Lair:3   | Reached skill level 14 in Unarmed Combat
 13422 | Lair:3   | Identified the +3 scale mail of Hospitality {rF+ Will+
                  | rCorr Int-4}
 13970 | Lair:4   | Found a frozen archway.
 14031 | IceCv    | Entered an ice cave
 14208 | IceCv    | Noticed a frost giant
 14226 | IceCv    | Killed a frost giant
 14226 | IceCv    | Reached ***** piety under Dithmenos
 14337 | IceCv    | Reached skill level 15 in Unarmed Combat
 14373 | IceCv    | Reached XP level 14. HP: 52/75 MP: 12/15
 14423 | IceCv    | Reached skill level 1 in Invocations
 15209 | Lair:5   | Entered Level 5 of the Lair of Beasts
 15813 | Lair:5   | Found a staircase to the Slime Pits.
 15865 | Lair:5   | Found a viscous altar of Jiyva.
 16512 | Lair:5   | Reached ****** piety under Dithmenos
 16513 | Lair:5   | Reached skill level 10 in Fighting
 16737 | Lair:5   | Found a large runed translucent door.
 16737 | Lair:5   | Found a large runed translucent door.
 17650 | D:11     | Found Wumaog's Antique Weapon Boutique.
 17737 | D:11     | Reached XP level 15. HP: 80/80 MP: 19/19
 18034 | D:12     | Found a staircase to the Orcish Mines.
 18041 | D:12     | Reached skill level 5 in Invocations
 18186 | D:12     | Found a transporter.
 18187 | D:12     | Found a transporter.
 18221 | D:12     | Found a transporter.
 18240 | D:12     | Found a transporter.
 18523 | D:13     | Noticed Azrael
 18647 | D:13     | Killed Azrael
 18979 | D:13     | Reached skill level 16 in Unarmed Combat
 19387 | D:14     | Noticed Frances
 19404 | D:14     | Killed Frances
 19405 | D:14     | Reached skill level 10 in Dodging
 19910 | D:14     | Found a hazy altar of Hepliaklqana.
 20204 | Orc:1    | Entered Level 1 of the Orcish Mines
 20275 | Orc:1    | Noticed an orc warlord
 20435 | D:12     | Killed an orc warlord
 20937 | Orc:2    | Entered Level 2 of the Orcish Mines
 20937 | Orc:2    | Found a staircase to the Elven Halls.
 21029 | Orc:2    | Noticed Jorgrun
 21050 | Orc:2    | Killed Jorgrun
 21345 | Orc:2    | Noticed Josephine
 21351 | Orc:2    | Killed Josephine
 21491 | Orc:2    | Found Faineusu's Weapon Shop.
 21699 | Orc:2    | Found Muimim's Antique Armour Shop.
 21902 | Orc:2    | Noticed Saint Roka
 22062 | Orc:1    | Killed Saint Roka
 22119 | Orc:2    | Found Hepsea Ofucs's Antique Weapon Boutique.
 22125 | Orc:2    | Found Mudoemer's Antique Armour Shop.
 22150 | Orc:2    | Bought a distressingly furry scale mail for 216 gold pieces
 22150 | Orc:2    | Identified the +3 scale mail of the Building Gods {Int+3}
                  | (You bought it in a shop on level 2 of the Orcish Mines)
 22153 | Orc:2    | Bought a glowing leather armour for 120 gold pieces
 22375 | Spider:1 | Entered Level 1 of the Spider Nest
 22538 | Spider:1 | Reached XP level 16. HP: 66/87 MP: 17/22
 24612 | Spider:2 | Noticed Nikola
 24707 | Spider:2 | Killed Nikola
 25104 | Spider:2 | Reached skill level 17 in Unarmed Combat
 25631 | Spider:3 | Reached XP level 17. HP: 93/93 MP: 24/24
 26357 | Spider:4 | Entered Level 4 of the Spider Nest
 27197 | Spider:3 | Slain by a ghost moth

Illustrated notes

Levels and vault maps discovered:
D:1:      nzn_arrival_crosshair, layout_basic, serial_shops, shop
D:2:      layout_rooms, ebering_ecumenical_altar_mist, uniq_sigmund
D:3:      layout_loops_cross, minmay_circle_x
D:4:      layout_basic, minitemple, nicolae_qazlal_scattered_showers,
          mainiacjoe_sewer_entry_somewhere_in_here_1, nicolae_stop_n_shop_1
D:5:      layout_loops_cross, minmay_temple_entry_ruins, serial_shops, shop,
          serial_demonic, serial_demonic_c, serial_demonic_b, serial_demonic_e,
          serial_demonic_f, serial_demonic_g, serial_demonic_f,
          serial_demonic_f, serial_demonic_g, uniq_crazy_yiuf_cottage
D:6:      layout_layer_cave, regret_index_xom_buried_treasure,
          mainiacjoe_overflow_small_starburst
D:7:      layout_loops_corners, nicolae_gozag_seed_capital,
          nicolae_overflow_two_pavilions, serial_shops, kennysheep_mini_moat,
          nicolae_specific_store
D:8:      layout_basic, mainiacjoe_overflow_surrounded_room, serial_shops,
          nicolae_shop_crystal, serial_library_regret_index_multi,
          minmay_misc_feat_alley, wad_floor_pattern_1
D:9:      layout_loops_ring, david_lair_shrubbed
D:10:     layout_roguey, amcnicky_altar_gilded, serial_shops, shop,
          einodemon_armed_red_devil_minivault
D:11:     layout_cave_pods, serial_shops, nicolae_book_shop_shelving, shop,
          nicolae_shop_competitors_out_of_business
D:12:     layout_roguey, kennysheep_orc_monster_closet_entryway,
          nicolae_transporter_circle
D:13:     layout_basic, grunt_vaults_entry_fortified, minmay_liquid_box,
          uniq_azrael
D:14:     layout_irregular_city, reono_crystal_passage,
          nicolae_hepliaklqana_monster_ancestors, uniq_frances
Temple:   nicolae_temple_bog_church
Lair:1:   layout_roguey, grunt_megastairs_5, serial_bayou_shore_a, uniq_harold
Lair:2:   layout_regular_city, spider_nest_entry_web_field,
          maelrawn_ghost_gauntlet_escape
Lair:3:   layout_chaotic_city, nicolae_shoals_entry_flooding
Lair:4:   layout_regular_city, portal_ice_cave_entry_ice_simulacra,
          small_statue_intersection
Lair:5:   cheibrodos_lair_end_hotspot, layout_cave_pods,
          nicolae_slime_entry_field_trip, serial_bayou_shore_b
Spider:1: layout_chambers
Spider:2: nicolae_spider_brood_tunnel, uniq_nikola
Spider:3: layout_spider_delve
Spider:4: grunt_spider_rune_parallel
Orc:1:    layout_caves
Orc:2:    grunt_orc_community_town_hall, layout_caves,
          grunt_orc_community_big_house_2, grunt_orc_community_big_house_1,
          grunt_orc_community_house_1, grunt_orc_community_house_3,
          grunt_orc_community_house_3, grunt_orc_community_house_2,
          nicolae_orc_beogh_chapel, mines2_lemuel, uniq_jorgrun, uniq_josephine

Skill      XL: |  1  2  3  4  5  6  7  8  9 10 11 12 13 14 15 16 17 |
---------------+----------------------------------------------------+-----
Unarmed Combat | 4 5 6 8 9 10 12 13 15 16 17 | 17.4
Shapeshifting  | 4 5 6 7 8 9 10 11 12 13 14 | 14.6
Fighting       | 2 3 5 6 7 9 10 11 12 | 12.5
Dodging        | 2 3 5 6 7 8 9 10 11 | 11.5
Invocations    | 4 6 8 9 |  9.3

Action                     |  1- 3 |  4- 6 |  7- 9 | 10-12 | 13-15 | 16-18 || total
---------------------------+-------+-------+-------+-------+-------+-------++-------
  Melee: Unarmed           |    47 |   190 |   265 |   412 |   980 |   454 ||  2348
         Bite              |     9 |    43 |    86 |   149 |   332 |   175 ||   794
         Punch             |     1 |     5 |    11 |    33 |    92 |    64 ||   206
  Throw: Dart              |       |       |     6 |     8 |       |       ||    14
         Throwing net      |       |       |       |     1 |       |       ||     1
 Invoke: Shadow Form       |       |       |       |       |       |     1 ||     1
  Evoke: Wand              |       |       |       |    13 |     3 |       ||    16
    Use: Scroll            |       |     8 |    10 |     8 |     5 |     3 ||    34
         Potion            |       |       |       |     4 |     4 |     3 ||    11
   Stab: Sleeping          |     3 |       |     2 |     2 |     3 |     1 ||    11
         Held in net/web   |       |       |       |     1 |       |       ||     1
         Betrayed ally     |       |       |       |     1 |       |       ||     1
         Distracted        |       |       |       |       |     1 |     1 ||     2
 Armour: Skin              |    18 |       |       |    19 |    13 |       ||    50
         Animal skin       |     1 |       |       |       |       |       ||     1
         Ring mail         |     5 |       |       |       |       |       ||     5
         Robe              |       |    91 |   129 |   133 |   127 |       ||   480
         Scale mail        |       |       |       |       |   161 |       ||   161
         Leather armour    |       |       |       |       |     2 |   216 ||   218
  Dodge: Dodged            |    17 |    74 |   111 |   254 |   658 |   422 ||  1536
   Form: Blade             |       |       |       |     2 |     2 |       ||     4
         Flux              |       |       |       |     1 |     2 |       ||     3
